 Dungeon Crawl Stone Soup version 0.23.0-3-gf3c87f2 (webtiles) character file.

Game seed: 8881119921775555847

15 Lanoc the Cudgeler (level 2, 0/29 HPs)
             Began as a Troll Chaos Knight on Feb 21, 2019.
             Was a Plaything of Xom.
             Slain by a fire vortex (15 damage)
             ... summoned by the capriciousness of Xom
             ... on level 2 of the Dungeon.
             The game lasted 00:01:02 (504 turns).

Lanoc the Cudgeler (Troll Chaos Knight)              Turns: 504, Time: 00:01:03

Health: 0/29       AC:  8    Str: 19    XL:     2   Next: 34%
Magic:  1/1        EV: 10    Int:  8    God:    Xom [..*...]
Gold:   29         SH:  0    Dex:  9    Spells: 1/1 levels left

rFire    . . .     SeeInvis .   a - +0 mace (chaos)
rCold    . . .     Gourm    +   (no shield)
rNeg     . . .     Faith    .   b - +2 robe
rPois    .         Spirit   .   (helmet restricted)
rElec    .         Reflect  .   (no cloak)
rCorr    .         Harm     .   (gloves unavailable)
MR       .....                  (boots unavailable)
Stlth    +.........             (no amulet)
HPRegen  0.49/turn              (no ring)
MPRegen  0.07/turn              (no ring)

@: no status effects
A: large, unfitting armour, claws 3, fast metabolism 3, gourmand, regeneration
1, shaggy fur 1, tough skin 3
a: Renounce Religion


You were on level 2 of the Dungeon.
You worshipped Xom.
You were a toy of Xom.
You were not hungry.

You visited 1 branch of the dungeon, and saw 2 of its levels.

You collected 29 gold pieces.

Inventory:

Hand Weapons
 a - a +0 mace of chaos (weapon)
Armour
 b - a +2 robe (worn)
Scrolls
 e - a scroll of identify {unknown}
 f - a scroll of blinking {unknown}
 g - a scroll of immolation {unknown}
 h - a scroll of teleportation {unknown}
Potions
 d - a potion of might {unknown}
Comestibles
 c - 3 rations


   Skills:
 + Level 2.6 Fighting
 * Level 3.1 Maces & Flails
 + Level 2.1 Dodging


You had one spell level left.
You didn't know any spells.
Your spell library was empty.

Dungeon Overview and Level Annotations

Branches:
Dungeon (2/15)

Altars:


Innate Abilities, Weirdness & Mutations

You are too large for most types of armour.
You have claws for hands.
Your metabolism is lightning-fast.
You like to eat raw meat.
Your natural rate of healing is unusually fast.
You are covered in fur. (AC +1)
You have extremely tough skin. (AC +3)


Message History

You closely miss the adder. The adder bites you but does no damage.
You closely miss the adder.
Xom's attention turns to you for a moment.
Fire whirls out from your claws! The adder barely misses you.
The adder bites you but does no damage. 2 fire vortices come into view.
You miss the adder. The fire vortex barely misses you.
The adder barely misses you.
You barely miss the adder. The fire vortex hits you. The fire vortex burns you!
Ouch! That really hurt!
The fire vortex dissipates!
The fire vortex closely misses you. The adder bites you but does no damage.
The adder closely misses you.
You are too injured to fight recklessly!
You are too injured to fight recklessly!
You sock the fire vortex! You freeze the fire vortex.
The fire vortex is moderately damaged.
The fire vortex hits you. The fire vortex burns you!
Ouch! That really hurt!
You die...

....... ........
#....(. #......
....... ####.....
.......
##........ ...[.
#.((....# ...
#.......#
#S##.......###
#°@#..>.<..(.#
#####.#.......#.#
#.........÷...#
#.............#
#...........).#
#...^.#.......#
#.....#.####....
#.....#.# #......
#.....#..
#.......#


You could see an adder.

Vanquished Creatures
  A leopard gecko (D:1)
  A ball python (D:1)
  A goblin (D:1)
  A hobgoblin (D:1)
  2 bats (D:1)
  5 frilled lizards
  4 kobolds
15 creatures vanquished.

Vanquished Creatures (others)
  A fire vortex (D:2)
1 creature vanquished.

Grand Total: 16 creatures vanquished

Notes
Turn   | Place    | Note
-------+----------+-------------------------------------------
     0 | D:1      | Lanoc the Troll Chaos Knight began the quest for the Orb.
     0 | D:1      | Reached XP level 1. HP: 22/22 MP: 0/0
   271 | D:1      | Reached skill level 3 in Maces & Flails
   329 | D:1      | Reached XP level 2. HP: 27/29 MP: 1/1
   501 | D:2      | XOM: mild Fire miscast
   504 | D:2      | Slain by a fire vortex

Skill      XL: |  1 |
---------------+----+-----
Dodging        | 2 |  2.1
Maces & Flails | 3 |  3.1
Fighting       | |  2.6

Action                   || total
-------------------------++-------
Melee: Mace              ||    47
  Eat: Chunk             ||     4
Armor: Robe              ||    28
Dodge: Dodged            ||    34
